Match 46217724
Unlisted

Match 46217724
End
Construct Barracks
Selects Armored Battlegroup
Selects Veteran Crews
1⁄4-ton 4x4 Truck
Riflemen Squad
Riflemen Squad
Construct Weapon Support Center
M1919 Machine Gun Team
Bazooka Squad
Construct Medical Station
Infantry Support Center
M1918 Browning Automatic Rifles
Grenade Package
Selects Strength in Steel
M3 Armored Personnel Carrier
1⁄4-ton 4x4 Truck
Selects M8 Scott SPG
M8 Scott SPG
Engineer Squad
Demolitions Package
M1 Mortar Team
Riflemen Squad
Selects M31 Recovery Vehicle
M31 Recovery Vehicle
Engineer Squad
Selects War Machine
Selects UNKNOWN (2160077)
M1919 Machine Gun Team
Construct Tank Depot
M4A3E8 Sherman Easy Eight
Munitions Surplus
M4A3E8 Sherman Easy Eight
GL1TCH
mikec_81
0
0

Comments sign in to comment!

No comments posted yet!